 Dungeon Crawl Stone Soup version 0.30-a0-626-gd6a5dd7a1f (webtiles) character file.

Game seed: 7668696766845786645

220 Leeroy the Slasher (level 5, -1/38 HPs)
             Began as a Merfolk Gladiator on Jan 11, 2023.
             Slain by a gnoll bouda
             ... wielding a +0 whip
              (15 damage)
             ... on level 4 of the Dungeon.
             The game lasted 00:02:28 (1748 turns).

Leeroy the Slasher (Merfolk Gladiator)              Turns: 1748, Time: 00:02:29

Health: -1/38      AC:  0    Str: 14    XL:     5   Next: 97%
Magic:  5/5        EV: 22    Int:  8    God:
Gold:   171        SH:  0    Dex: 22    Spells: 4/4 levels left

rFire   . . .      SeeInvis .    (weapon currently unavailable)
rCold   . . .      Faith    .    (shield currently unavailable)
rNeg    . . .      Spirit   .    (body armour currently unavailable)
rPois   .          Reflect  .    (helmet currently unavailable)
rElec   .          Harm     .    (cloak currently unavailable)
rCorr   .          Rampage  .    (gloves currently unavailable)
Will    .....                    (boots currently unavailable)
Stlth   ++                       t - amulet of the acrobat
HPRegen 0.26/turn                (ring currently unavailable)
MPRegen 0.09/turn                (ring currently unavailable)

@: bat-form, weakened, flying, very quick
A: fast, flying, no casting, tiny, (nimble swimmer 2), (mertail)
a: no special abilities


You were on level 4 of the Dungeon.
You were a bat.
You visited 1 branch of the dungeon, and saw 4 of its levels.

You collected 171 gold pieces.

Inventory:

Hand Weapons
 a - a +0 long sword of chaos (melded)
Missiles
 d - 3 throwing nets (quivered)
 e - a javelin
Armour
 b - a +0 leather armour (melded)
 c - a +0 helmet (melded)
 l - a +0 pair of gloves (melded)
Jewellery
 t - an amulet of the acrobat (around neck)
Scrolls
 f - 2 scrolls of identify {unknown}
 h - 3 scrolls of brand weapon
 i - a scroll of torment {unknown}
 j - 2 scrolls of poison {unknown}
 k - 3 scrolls of enchant weapon {unknown}
 o - 2 scrolls of vulnerability {unknown}
 p - a scroll of blinking {unknown}
 u - a scroll of teleportation {unknown}
Potions
 g - 2 potions of cancellation {unknown}
 m - a potion of mutation {unknown}
 n - a potion of curing {unknown}
 q - 2 potions of berserk rage {unknown}
 r - a potion of heal wounds {unknown}
 s - a potion of lignification {unknown}


   Skills:
 - Level 2.1 Fighting
 + Level 7.8 Long Blades
 - Level 2.0 Throwing
 - Level 4.0 Dodging


You had 4 spell levels left.
You didn't know any spells.
Your spell library contained the following spells:

 Spells                   Type           Power      Damage    Failure   Level
 Yara's Violent Unravell  Hex/Tmut       0%         3d3       100%        5
 Enfeeble                 Hex            0%         N/A       100%        7


Dungeon Overview and Level Annotations

Branches:
Dungeon (4/15)
 Temple: D:4-7

Altars:

Shops:
D:2 *

Annotations:
D:3 Sigmund
D:4 Ijyb


Innate Abilities, Weirdness & Mutations

You are a bat.
You are tiny and dextrous.
You move quickly.
You are flying.
Your equipment is almost entirely melded.
You are incapable of wielding weapons or throwing items.
You cannot cast spells.
((You are very nimble when in or above water. (Stealth+, EV+, Speed+++)))
((Your lower body shifts to a powerful aquatic tail in water.))


Message History

You feel less porcine.
Your +0 long sword unmelds from your body.
Your +0 helmet unmelds from your body.
Your +0 pair of gloves unmelds from your body.
Your +0 leather armour unmelds from your body.
You hit the gnoll.
The gnoll is lightly wounded.
The gnoll hits you with a +0 whip.
You hit the gnoll but do no damage.
The gnoll is lightly wounded.
The gnoll closely misses you.
The gnoll hits you from afar with a +0 spear.
The gnoll bouda barks out a call to the hunt!
The gnolls pick up the pace!
You hear a shout!
You hit the gnoll.
The gnoll is heavily wounded.
The gnoll hits you from afar with a +0 spear.
Ijyb zaps a wand.
You turn into a bat.
Your +0 long sword melds into your body.
Your +0 helmet melds into your body.
Your +0 pair of gloves melds into your body.
Your +0 leather armour melds into your body.
Okay, then.
As you read the scroll labelled XIOPUI SISOCK, it crumbles to dust.
It is a scroll of brand weapon.
Your +0 long sword erupts in a glittering mayhem of colour.
a - a +0 long sword of chaos (melded) Ijyb misses you.
You barely miss Ijyb.
Ijyb is heavily wounded.
Ijyb misses you.
You hit Ijyb but do no damage.
Ijyb is heavily wounded.
Ijyb screams, "No!
No, no, no, no!"
Ijyb misses you.
The gnoll bouda gazes fiercely through you!
You feel your attacks grow feeble.
The gnoll bouda hits you with a +0 whip!
You die...

.. ... .# .. .... ### #..#.#.##
..# #......g. #.# #.##.#.g# #.#
#.##.##g# #.# #.##.##g# #.#
#.##.##b# . .#
#.####.###.##.##g#####. .# .#
[......................###.##.#
.......#...##.#########.......#
#.######.####.# #.......### #
#.# #.# ###......... #.#
#.#######.........# #.#
#....g............#
#.############.#....(..#


You could see Ijyb, a gnoll bouda and 3 gnolls.

Vanquished Creatures
  A centaur (D:3)
  A hound (D:4)
  6 adders
  5 dart slugs
  4 ball pythons (D:1)
  6 bats
  2 endoplasms
  3 giant cockroaches
  5 hobgoblins
  6 kobolds
  2 quokkas
  A frilled lizard (D:1)
  5 goblins
  3 rats
50 creatures vanquished.

Notes
Turn   | Place    | Note
-------+----------+-------------------------------------------
     0 | D:1      | Leeroy the Merfolk Gladiator began the quest for the Orb.
     0 | D:1      | Reached XP level 1. HP: 16/16 MP: 1/1
    62 | D:1      | Reached skill level 4 in Long Blades
   114 | D:1      | Reached XP level 2. HP: 18/22 MP: 2/2
   360 | D:1      | Reached XP level 3. HP: 18/27 MP: 3/3
   362 | D:1      | Reached skill level 5 in Long Blades
   945 | D:2      | Reached XP level 4. HP: 33/33 MP: 4/4
   951 | D:2      | Found a faded altar of an unknown god.
  1038 | D:2      | Reached skill level 6 in Long Blades
  1111 | D:2      | Found Zysh's General Store.
  1529 | D:3      | Noticed a centaur
  1542 | D:3      | Killed a centaur
  1543 | D:3      | Reached skill level 7 in Long Blades
  1543 | D:3      | Reached XP level 5. HP: 27/38 MP: 5/5
  1610 | D:3      | Noticed Sigmund
  1706 | D:4      | Noticed Ijyb
  1748 | D:4      | Slain by a gnoll bouda

Illustrated notes

Levels and vault maps discovered:
D:1:      nicolae_arrival_washed_ashore, layout_basic, st_stairs_3,
          minmay_crystal_room
D:2:      layout_basic, ebering_ecumenical_altar_abandoned, serial_shops, shop,
          st_stairs_13, minmay_tetromino_o2
D:3:      layout_basic, serial_shops, shop, uniq_sigmund,
          uniq_crazy_yiuf_cottage
D:4:      layout_loops_ring, gup_sewer_entry_bowl, uniq_ijyb

Skill      XL: |  1  2  3  4 |
---------------+-------------+-----
Long Blades    | 4 5 7 |  7.8
Fighting       | |  2.1
Throwing       | |  2.0
Dodging        | |  4.0

Action                   |  1- 3 |  4- 6 || total
-------------------------+-------+-------++-------
Melee: Long sword        |    99 |    71 ||   170
       Punch             |     1 |       ||     1
       Unarmed           |       |     9 ||     9
  Use: Scroll            |       |     1 ||     1
 Stab: Sleeping          |     2 |     2 ||     4
Armor: Leather armour    |    25 |    37 ||    62
Dodge: Dodged            |    99 |    54 ||   153

Table legend: (Time is in decaauts)
 A = Elapsed time spent in this place.
 B = Non-inter-level travel time spent in this place.
 C = Inter-level travel time spent in this place.
 D = Time resting spent in this place.
 E = Time spent auto-exploring this place.
 F = Levels seen in this place.
 G = Mean time per level.
                   A        B        C        D        E       F      G
               +--------+--------+--------+--------+--------+-----+--------+
         Total |   1757 |   1705 |     52 |      0 |   1221 |   4 |  439.2 |
       Dungeon |   1757 |   1705 |     52 |      0 |   1221 |   4 |  439.2 |
               +--------+--------+--------+--------+--------+-----+--------+

Top non-repeatable levels by time:
     D:1: 803 daAuts
     D:2: 604 daAuts
     D:3: 232 daAuts
     D:4: 116 daAuts
